 Dungeon Crawl Stone Soup version 0.22.1-2-g9c5b331 (webtiles) character file.

163 MalarOregon the Chiller (level 5, -15/38 HPs)
             Began as a Merfolk Ice Elementalist on Nov 21, 2018.
             Demolished by an ogre
             ... wielding a +0 giant spiked club
              (34 damage)
             ... on level 4 of the Dungeon.
             The game lasted 00:07:29 (2640 turns).

MalarOregon the Chiller (Merfolk Ice Elementalist)  Turns: 2640, Time: 00:07:30

Health: -15/38     AC:  2    Str:  8    XL:     5   Next: 44%
Magic:  4/9        EV: 14    Int: 16    God:
Gold:   226        SH:  0    Dex: 14    Spells: 2/10 levels left

rFire    . . .     SeeInvis .   d - +0 hunting sling
rCold    . . .     Gourm    .   (no shield)
rNeg     . . .     Faith    .   a - +0 robe
rPois    .         Spirit   .   (no helmet)
rElec    .         Reflect  .   (no cloak)
rCorr    .         Harm     .   (no gloves)
MR       .....                  (no boots)
Stlth    ++........             (no amulet)
HPRegen  0.12/turn              (no ring)
MPRegen  0.11/turn              (no ring)

@: no status effects
A: change form in water, swift swim, stealthy swim
a: no special abilities


You were on level 4 of the Dungeon.
You were not hungry.

You visited 1 branch of the dungeon, and saw 4 of its levels.

You collected 226 gold pieces.

Inventory:

Hand Weapons
 d - a +0 hunting sling (weapon)
   (You found it on level 1 of the Dungeon)
 r - a +0 spear
   (You found it on level 3 of the Dungeon)
Missiles
 b - 18 sling bullets (quivered)
 f - 101 stones
 j - 12 poisoned needles
 w - 4 tomahawks
Armour
 a - a +0 robe (worn)
Scrolls
 c - a scroll of fog {unknown}
 h - 6 scrolls of remove curse {unknown}
 i - 2 scrolls of amnesia {unknown}
 p - a scroll of enchant weapon {unknown}
 u - a scroll of identify {unknown}
 v - a scroll of immolation {unknown}
Potions
 g - a potion of brilliance {unknown}
 k - 3 potions of mutation {unknown}
 m - a potion of agility {unknown}
 n - 2 potions of degeneration {unknown}
 o - 2 potions of invisibility {unknown}
 q - 2 potions of curing {unknown}
 s - a potion of ambrosia {unknown}
 t - a potion of haste {unknown}
Comestibles
 e - 7 rations {!d}
 l - 2 chunks of flesh


   Skills:
 + Level 1.7 Fighting
 + Level 0.5 Polearms
 + Level 1.5 Throwing
 - Level 1.0 Armour
 + Level 3.6 Dodging
 - Level 2.1 Stealth
 * Level 3.3 Spellcasting
   Level 0.7 Conjurations
 + Level 3.7 Ice Magic


You had 2 spell levels left.
You knew the following spells:

 Your Spells              Type           Power        Failure   Level  Hunger
a - Freeze                Ice            ##..         3%          1    None
b - Ozocubu's Armour      Chrm/Ice       #.......     26%         3    ###....
d - Summon Ice Beast      Ice/Summ       #.......     63%         4    ####...

Your spell library contained the following spells:

 Spells                   Type           Power        Failure   Level  Hunger
 Throw Frost              Conj/Ice       #.....       11%         2    ##.....
 Throw Icicle             Conj/Ice       #.......     56%         4    ####...


Dungeon Overview and Level Annotations

Branches:
Dungeon (4/15)
 Temple: D:4-7

Altars:
Elyvilon
Gozag
Zin


Message History

Aim: a bat (resting)
You shoot a sling bullet. The sling bullet hits the bat.
Firing (i - inventory. (/) - cycle)
b - 21 sling bullets (quivered)
Aim: a bat (severely wounded)
You shoot a sling bullet. The sling bullet barely misses the bat.
The bat misses you.
Aim: a bat (severely wounded)
You freeze the bat.
You kill the bat!
Eating one of 6 chunks of flesh.
You eat one of the 6 chunks of flesh.
Some of the chunks of flesh in your inventory have rotted away.
b - 21 sling bullets (gained 1) Done exploring.
Done exploring.
There is a stone staircase leading down here.
You climb downwards.
There is a stone staircase leading up here.
There is a stone staircase leading up here.
Found 13 stones.
Found an escape hatch in the ceiling.
f - 101 stones (gained 13)
There is a stone staircase leading up here.
An ogre comes into view. It is wielding a giant spiked club.
The ogre shouts!
Firing (i - inventory. (/) - cycle)
b - 21 sling bullets (quivered)
Aim: an ogre, wielding a giant spiked club You shoot a sling bullet.
The sling bullet hits the ogre.
Firing (i - inventory. (/) - cycle)
b - 20 sling bullets (quivered)
Aim: an ogre, wielding a giant spiked club (moderately wounded)
You shoot a sling bullet. The sling bullet hits the ogre.
Firing (i - inventory. (/) - cycle)
b - 19 sling bullets (quivered)
Aim: an ogre, wielding a giant spiked club (moderately wounded)
You shoot a sling bullet.
The sling bullet barely misses the ogre.
Aim: an ogre, wielding a giant spiked club (moderately wounded)
You freeze the ogre. The ogre barely misses you.
Aim: an ogre, wielding a giant spiked club (heavily wounded)
You freeze the ogre. The ogre closely misses you.
Aim: an ogre, wielding a giant spiked club (heavily wounded)
You freeze the ogre.
Aim: an ogre, wielding a giant spiked club (severely wounded)
You freeze the ogre.
The ogre hits you with a giant spiked club!!
Ouch! That really hurt!
* * * LOW HITPOINT WARNING * * *
Aim: an ogre, wielding a giant spiked club (almost dead)
You freeze the ogre.
The ogre hits you with a giant spiked club!!
Ouch! That really hurt!
You die...

##### #.... #.... ###....
###### ....... #....#
#########
.......###....###........
................<.######.
..............#####
......####...@## ...##.
#...O.# .. . #......# .
#. ......##.# # #.......
... .........(<. .......
.... ....... ..(.. ....
......


You could see an ogre.

Vanquished Creatures
  Terence (D:3)
  4 adders
  2 oozes
  3 dart slugs
  2 leopard geckos
  4 orcs (D:3)
  A ball python (D:3)
  7 giant cockroaches
  5 goblins
  12 hobgoblins
  2 jackals (D:2)
  8 kobolds
  3 quokkas
  5 bats
  3 frilled lizards
  18 rats
80 creatures vanquished.

Notes
Turn   | Place    | Note
-------+----------+-------------------------------------------
     0 | D:1      | MalarOregon the Merfolk Ice Elementalist began the quest
                  | for the Orb.
     0 | D:1      | Reached XP level 1. HP: 13/13 MP: 3/3
   182 | D:1      | Reached XP level 2. HP: 20/20 MP: 5/5
   532 | D:1      | Reached XP level 3. HP: 21/25 MP: 3/6
   916 | D:2      | Reached skill level 1 in Fighting
  1085 | D:2      | Found a white marble altar of Elyvilon.
  1089 | D:2      | Reached skill level 1 in Throwing
  1089 | D:2      | Reached XP level 4. HP: 32/32 MP: 4/8
  1791 | D:3      | Learned a level 3 spell: Ozocubu's Armour
  1796 | D:3      | Learned a level 4 spell: Summon Ice Beast
  1831 | D:3      | Reached XP level 5. HP: 37/37 MP: 9/9
  1844 | D:3      | Noticed Terence
  1850 | D:3      | Killed Terence
  1857 | D:3      | Reached skill level 1 in Armour
  2033 | D:3      | Found an opulent altar of Gozag.
  2034 | D:3      | Found a glowing silver altar of Zin.
  2631 | D:4      | Noticed an ogre
  2640 | D:4      | Demolished by an ogre

Skill      XL: |  1  2  3  4  5 |
---------------+----------------+-----
Dodging        | 3 |  3.6
Fighting       | 1 |  1.7
Throwing       | 1 |  1.5
Spellcasting   | 3 |  3.3
Armour         | 1 |  1.0
Polearms       | |  0.5
Stealth        | |  2.1
Conjurations   | |  0.7
Ice Magic      | |  3.7

Action                   |  1- 3 |  4- 6 || total
-------------------------+-------+-------++-------
Melee: Unarmed           |     5 |       ||     5
       Hunting sling     |     8 |       ||     8
 Fire: Hunting sling     |    62 |   106 ||   168
 Cast: Freeze            |    27 |    40 ||    67
  Use: Potion            |     1 |       ||     1
       Scroll            |     1 |       ||     1
  Eat: Chunk             |     1 |     5 ||     6
Armor: Robe              |     4 |     7 ||    11
Dodge: Dodged            |    28 |    27 ||    55
